 Dungeon Crawl Stone Soup version 0.17.0-22-g5edae84 (webtiles) character file.

1350 JudasIscariot the Shield-Bearer (level 8, -4/61 HPs)
             Began as a Demonspawn Fighter on Nov 12, 2015.
             Was a Follower of Okawaru.
             Slain by an ogre
             ... wielding a +0 giant club
              (11 damage)
             ... on level 6 of the Dungeon.
             The game lasted 00:17:01 (5447 turns).

JudasIscariot the Shield-Bearer (DsFi)              Turns: 5447, Time: 00:17:01

Health: -4/61      AC: 19    Str: 21    XL:     8   Next: 36%
Magic:  17/17      EV:  5    Int: 10    God:    Okawaru [*.....]
Gold:   260        SH: 10    Dex: 12    Spells: 0 memorised, 7 levels left

rFire  . . .     SeeInvis .     w - +1 whip (vamp)
rCold  . . .     Clarity  .     A - +0 plate armour
rNeg   . . .     SustAt   .     s - +0 shield
rPois  .         Gourm    +     F - +1 helmet
rElec  .         Spirit   .     (no cloak)
rCorr  .         Warding  .     E - +0 pair of gloves
rMut   .         Stasis   .     h - +0 pair of boots
MR     .....                    j - amulet of the gourmand
Stlth  +.........               q - +2 ring of strength
                                m - ring of magical power

@: not resistant to hostile enchantments, very unstealthy
A: hooves 2, yellow scales 1, nightstalker 3, spiny 1
a: Heroism, Renounce Religion


You were on level 6 of the Dungeon.
You worshipped Okawaru.
Okawaru was aware of your devotion.
You were completely stuffed.

You visited 2 branches of the dungeon, and saw 7 of its levels.
You also visited: Sewer.

You collected 260 gold pieces.

Inventory:

Hand Weapons
 a - a +0 flail
 w - a +1 vampiric whip (weapon)
Armour
 h - a +0 pair of boots (worn)
 s - a +0 shield (worn)
 A - a +0 plate armour (worn)
 E - a +0 pair of gloves (worn)
 F - a +1 helmet (worn)
Jewellery
 j - an amulet of the gourmand (around neck)
 m - a ring of magical power (left hand)
 q - a +2 ring of strength (right hand)
Wands
 l - a wand of frost (23)
 t - a wand of frost (37)
 I - a wand of frost (19)
 L - a wand of heal wounds (2)
Scrolls
 g - 2 scrolls of magic mapping
 p - 2 scrolls of remove curse
 v - a scroll of enchant weapon {unknown}
 x - a scroll of amnesia {unknown}
 y - 3 scrolls of random uselessness {unknown}
 B - 2 scrolls of blinking {unknown}
 C - 3 scrolls of identify
 D - 2 scrolls of fear {unknown}
 J - 6 scrolls of teleportation {unknown}
Potions
 b - a potion of beneficial mutation {unknown}
 c - a potion of curing {unknown}
 d - 2 potions of might
 i - a potion of degeneration {unknown}
 k - 2 potions of agility {unknown}
 n - 2 potions of flight {unknown}
 r - 2 potions of cancellation
 z - 2 potions of poison {unknown}
 H - a potion of heal wounds {unknown}
 K - a potion of magic {unknown}
Comestibles
 e - 6 bread rations
 f - 3 meat rations
 u - 3 slices of pizza


   Skills:
 * Level 4.8 Fighting
 * Level 4.3 Maces & Flails
 * Level 5.1 Armour
 + Level 2.9 Dodging
 + Level 2.2 Stealth
 * Level 5.5 Shields


You had 7 spell levels left.
You didn't know any spells.

Dungeon Overview and Level Annotations

Branches:
Dungeon (6/15)             Temple (1/1) D:4

Altars:
Ashenzari
Cheibriados
Dithmenos
Fedhas
Gozag
Kikubaaqudgha
Makhleb
Nemelex Xobeh
Okawaru
Qazlal
Ru
Sif Muna
Trog
Vehumet
Xom
Yredelemnul
Zin
The Shining One


Innate Abilities, Weirdness & Mutations

You have hoof-like feet.
You are partially covered in yellow scales (AC +2).
You are completely attuned to the shadows.
You are partially covered in sharp spines.


Message History

* * * LOW HITPOINT WARNING * * *
The orc hits you but does no damage.
You enter the shallow water.
Moving in this stuff is going to be slow.
You block the orc warrior's attack. You block the orc warrior's attack.
The ogre is struck by your spines. The ogre barely misses you.
You block the ogre's attack.
The orc warrior is struck by your spines.
The orc warrior closely misses you.
There is a collapsed entrance here.
You enter the shallow water.
Moving in this stuff is going to be slow.
The ogre barely misses you. The ogre hits you with a giant club!
* * * LOW HITPOINT WARNING * * *
Drink which item? (? for menu, Esc to quit)
It was a potion of cancellation.
You feel magically purged. The ogre hits you with a giant club!
You die...

...# #.#
.##.....##.# ...#
#.# .........# ...#
#.# ###..##### #.##
#.# ##.# #.#####
#.# #.# .......##.#
###.# #.####.##.#
#...# ...###.##.#
##.#.# .......##.#
#.@.##
...##..##.#####oO≈#
#.###.........#≈≈≈#
#.........#####≈o≈#
# ####.#### #o≈≈#
#.# #≈.≈# #.# #≈≈≈#
#≈≈≈# #§§§#


You could see an orc warrior, an ogre, an orc wizard and an orc.

Vanquished Creatures
  The ghost of JudasIscariot the Skirmisher, an amateur GrAK of Lugonu (D:5)
  Sigmund (D:3)
  Menkaure (D:5)
  A phantom (D:4)
  An ogre (D:6)
  Blork the orc (D:4)
  A scorpion (D:4)
  2 crimson imps
  An orc wizard (D:3)
  2 orc priests
  A hound (D:2)
  2 jellies (D:5)
  An iguana (D:4)
  5 worker ants
  A hound zombie (D:5)
  A hound skeleton (D:4)
  3 adders
  A shadow imp (D:6)
  3 river rats (Sewer)
  An ooze (D:2)
  A worm (D:3)
  18 orcs
  9 bats
  5 giant cockroaches
  4 goblins
  11 hobgoblins
  4 jackals (D:3)
  4 quokkas
  6 ball pythons
  6 giant geckos
  A giant gecko skeleton (D:6)
  10 giant newts
  8 kobolds
  2 quokka skeletons
  9 rats
129 creatures vanquished.

Vanquished Creatures (others)
  An orc warrior (D:4)
  A hound (D:4)
  An adder (D:4)
  A giant newt (D:4)
4 creatures vanquished.

Grand Total: 133 creatures vanquished

Notes
Turn   | Place    | Note
--------------------------------------------------------------
     0 | D:1      | JudasIscariot the Demonspawn Fighter began the quest for the Orb.
     0 | D:1      | Reached XP level 1. HP: 18/18 MP: 1/1
     6 | D:1      | Noticed a salamander
     6 | D:1      | Noticed a six-headed hydra
     6 | D:1      | Noticed a hound
     6 | D:1      | Noticed a polar bear
     6 | D:1      | Noticed a redback
   121 | D:1      | You fall through a shaft!
   127 | D:2      | Gained mutation: You are slightly more attuned to the shadows. [demonic ancestry]
   127 | D:2      | Reached XP level 2. HP: 18/24 MP: 2/2
  1079 | D:2      | Gained mutation: You are significantly more attuned to the shadows. [demonic ancestry]
  1079 | D:2      | Reached XP level 3. HP: 29/29 MP: 3/3
  1171 | D:2      | Found a sparkling altar of Nemelex Xobeh.
  1172 | D:2      | Found a glowing silver altar of Zin.
  1437 | D:2      | Found a burning altar of Makhleb.
  1437 | D:2      | Noticed a hound
  1465 | D:2      | Killed a hound
  1689 | D:2      | Gained mutation: You are partially covered in yellow scales (AC +2). [demonic ancestry]
  1689 | D:2      | Reached XP level 4. HP: 35/35 MP: 4/4
  1740 | D:2      | Found a stormy altar of Qazlal.
  1931 | D:3      | Found a faded altar to an unknown god.
  2202 | D:3      | Reached skill level 1 in Dodging
  2249 | D:3      | Gained mutation: You are partially covered in sharp spines. [demonic ancestry]
  2249 | D:3      | Reached XP level 5. HP: 41/41 MP: 5/5
  2482 | D:3      | Noticed Sigmund
  2499 | D:3      | Killed Sigmund
  2499 | D:3      | Reached skill level 4 in Fighting
  2499 | D:3      | Reached skill level 1 in Stealth
  2499 | D:3      | Gained mutation: You have large cloven feet. [demonic ancestry]
  2499 | D:3      | Reached XP level 6. HP: 38/48 MP: 6/6
  2726 | D:4      | Found a bloodstained altar of Trog.
  2745 | D:4      | Noticed Blork the orc
  2759 | D:4      | Killed Blork the orc
  2767 | D:4      | Found a staircase to the Ecumenical Temple.
  2778 | Temple   | Entered the Ecumenical Temple
  2932 | Temple   | Became a worshipper of Warmaster Okawaru
  3061 | D:4      | Gained mutation: You have hoof-like feet. [demonic ancestry]
  3061 | D:4      | Reached XP level 7. HP: 51/54 MP: 7/7
  3241 | D:4      | Found a shimmering altar of Xom.
  3309 | D:4      | Reached * piety under Okawaru
  3450 | D:4      | Found a glowing golden altar of the Shining One.
  3650 | D:5      | Entered Level 5 of the Dungeon
  3713 | D:5      | Noticed JudasIscariot's ghost (amateur GrAK)
  3747 | D:5      | Killed JudasIscariot's ghost
  3853 | D:5      | Found a shadowy altar of Dithmenos.
  4012 | D:5      | Found an ancient bone altar of Kikubaaqudgha.
  4195 | D:5      | Noticed Menkaure
  4209 | D:5      | Killed Menkaure
  4209 | D:5      | Reached skill level 5 in Shields
  4209 | D:5      | Gained mutation: You are completely attuned to the shadows. [demonic ancestry]
  4209 | D:5      | Reached XP level 8. HP: 43/61 MP: 8/8
  4672 | D:6      | Reached skill level 5 in Armour
  4973 | D:6      | Found a glowing drain.
  5009 | Sewer    | Entered a sewer
  5447 | D:6      | Slain by an ogre

Action                   |  1- 3 |  4- 6 |  7- 9 || total
-------------------------+-------+-------+-------++-------
Melee: Flail             |    99 |       |       ||    99
       Whip              |    28 |   198 |   217 ||   443
  Use: Scroll            |       |     2 |     4 ||     6
       Potion            |       |       |     2 ||     2
 Stab: Sleeping          |       |     4 |     2 ||     6
  Eat: Chunk             |    14 |    10 |     9 ||    33
